 Dungeon Crawl Stone Soup version 0.23.2-40-g277498a001 (webtiles) character file.

Game seed: 6441486082416872880

61 Ivernyr the Digger (level 3, 0/28 HPs)
             Began as a Deep Dwarf Earth Elementalist on Oct 8, 2019.
             Slain by a centaur (2 damage)
             ... on level 2 of the Dungeon.
             The game lasted 00:05:31 (1503 turns).

Ivernyr the Digger (Deep Dwarf Earth Elementalist)  Turns: 1503, Time: 00:05:33

Health: 0/28       AC:  2    Str: 11    XL:     3   Next: 83%
Magic:  5/6        EV: 13    Int: 16    God:
Gold:   125        SH:  0    Dex: 13    Spells: 0/6 levels left

rFire    . . .     SeeInvis .   j - +0 club
rCold    . . .     Gourm    .   (no shield)
rNeg     . . .     Faith    .   c - +0 robe
rPois    .         Spirit   .   (no helmet)
rElec    .         Reflect  .   e - scarf {cloud immunity}
rCorr    +         Harm     .   (no gloves)
MR       .....                  (no boots)
Stlth    ++........             (no amulet)
HPRegen  0.00/turn              g - ring of resist corrosion
MPRegen  0.10/turn              (no ring)

@: non-regenerating
A: damage resistance, heal wounds, sense surroundings 1, no regeneration
a: Heal Wounds


You were on level 2 of the Dungeon.
You were not hungry.

You visited 1 branch of the dungeon, and saw 2 of its levels.

You collected 125 gold pieces.

Inventory:

Hand Weapons
 j - a +0 club (weapon)
Missiles
 b - 46 stones (quivered)
Armour
 c - a +0 robe (worn)
 e - a scarf of cloud immunity (worn)
Jewellery
 g - a ring of resist corrosion (left hand)
 m - an uncursed ring of protection from fire
Scrolls
 f - a scroll of enchant armour {unknown}
 h - a scroll of remove curse {unknown}
 k - 2 scrolls of identify {unknown}
Potions
 a - 2 potions of heal wounds {unknown}
 i - a potion of berserk rage {unknown}
 l - a potion of curing {unknown}
Comestibles
 d - 3 rations
 n - a chunk of flesh


   Skills:
 + Level 2.9 Dodging
 - Level 2.4 Stealth
 + Level 2.3 Spellcasting
 - Level 0.8 Transmutations
 * Level 5.3 Earth Magic


You couldn't memorise any spells.
You knew the following spells:

 Your Spells              Type           Power        Failure   Level  Hunger
a - Sandblast             Erth           ###...       2%          1    #......
b - Passwall              Tmut/Erth      ##......     9%          2    ###....
c - Stone Arrow           Conj/Erth      ##....       21%         3    ###....

Your spell library contained the following spells:

 Spells                   Type           Power        Failure   Level  Hunger
 Petrify                  Tmut/Erth      ##......     50%         4    #####..
 Lee's Rapid Deconstruct  Erth           ###.......   52%         5    ######.


Dungeon Overview and Level Annotations

Branches:
Dungeon (2/15)

Altars:
Zin


Innate Abilities, Weirdness & Mutations

You are resistant to damage.
You can heal yourself by infusing magical energy.
You passively map a small area around you.
You do not regenerate.


Message History

The centaur shouts!
The centaur wields a +0 shortbow.
The centaur shoots an arrow.
The arrow hits you!
Found a scroll labeled MOIZEPREOW.
You see here an arrow.
The centaur shoots an arrow.
The arrow closely misses you.
The centaur unwields a +0 shortbow.
The centaur hits you!
* * * LOW HITPOINT WARNING * * *
Casting: Stone Arrow (safe; 21% risk of failure)
Confirm with . or Enter, or press ? or * to list all spells.
Aiming: Sandblast (safe; 2% risk of failure)
Press: ? - help, Shift-Dir - straight line, f - centaur
Aim: a centaur The blast of sand hits the centaur.
The centaur is lightly wounded.
b - 46 stones The centaur hits you.
* * * LOW HITPOINT WARNING * * *
The centaur hits you.
You die...

* , , ** * ,
##.....## , ,,
#.......# ..
#.......# ### #
#'# ....... ,
*,..#.# #.# *..?..
#.#. #.# ... ,,,
,... , ##.#######
#c# ** #.# *
##........# #@#
###.#
##.....###.####.#
* #...###
##......# #....((#
#.#....
.....÷#.###.######
* ♣.♣♣♣♣.
......#.....# ,
♣♣.♣♣♣♣
#.###.####### *
♣.♣♣♣.♣ #.# #.# *
♣_.♣.♣. #.# #.# *
♣♣..♣♣. #.# #.#
,♣.♣♣♣.


You could see a centaur.

Vanquished Creatures
  2 adders (D:2)
  2 oozes
  A worm (D:2)
  2 leopard geckos (D:1)
  An orc (D:2)
  A ball python (D:2)
  2 bats
  A giant cockroach (D:1)
  3 goblins (D:2)
  5 hobgoblins
  4 frilled lizards
  3 kobolds
  4 rats
31 creatures vanquished.

Notes
Turn   | Place    | Note
-------+----------+-------------------------------------------
     0 | D:1      | Ivernyr the Deep Dwarf Earth Elementalist began the quest
                  | for the Orb.
     0 | D:1      | Reached XP level 1. HP: 15/15 MP: 3/3
   165 | D:1      | Reached XP level 2. HP: 22/22 MP: 0/4
   204 | D:1      | Learned a level 2 spell: Passwall
   819 | D:2      | Found a faded altar of an unknown god.
   874 | D:2      | Reached XP level 3. HP: 25/28 MP: 3/6
   933 | D:2      | Learned a level 3 spell: Stone Arrow
   948 | D:2      | Reached skill level 5 in Earth Magic
  1288 | D:2      | Found a glowing silver altar of Zin.
  1500 | D:2      | Noticed a centaur
  1503 | D:2      | Slain by a centaur

Skill      XL: |  1  2  3 |
---------------+----------+-----
Spellcasting   | 2 |  2.3
Earth Magic    | 5 |  5.3
Dodging        | |  2.9
Stealth        | |  2.4
Transmutations | |  0.8

Action                   || total
-------------------------++-------
Melee: Unarmed           ||     2
       Club              ||    10
 Cast: Sandblast         ||    39
       Stone Arrow       ||     6
  Eat: Chunk             ||     3
Armor: Robe              ||     6
Dodge: Dodged            ||    13
